 Dungeon Crawl Stone Soup version 0.25-a0-731-g0472a16d6a (webtiles) character file.

Game seed: 13075725773306374288, levelgen mode: deterministic

1008 kae the Ruffian (level 8, -5/53 HPs)
             Began as a White Draconian Transmuter on Apr 8, 2020.
             Was a Follower of Hepliaklqana.
             Slain by an orc warrior
             ... wielding a cursed -1 glaive
              (16 damage)
             ... on level 6 of the Dungeon.
             The game lasted 00:04:59 (5179 turns).

kae the Ruffian (White Draconian Transmuter)        Turns: 5179, Time: 00:04:59

Health: -5/53      AC:  7    Str: 14    XL:     8   Next: 1%
Magic:  14/14      EV: 12    Int: 15    God:    Hepliaklqana [*.....]
Gold:   289        SH:  0    Dex: 11    Spells: 6/16 levels left

rFire    + . .     SeeInvis +     - Unarmed
rCold    + . .     Gourm    .   (no shield)
rNeg     . . .     Faith    .   (armour unavailable)
rPois    .         Spirit   .   (helmet restricted)
rElec    .         Reflect  .   (no cloak)
rCorr    .         Harm     .   (no gloves)
MR       .....                  k - +0 pair of boots
Stlth    ..........             (no amulet)
HPRegen  0.17/turn              p - ring of see invisible
MPRegen  0.14/turn              l - ring of attention (curse)

@: stab
A: breathe frost, unfitting armour, reduced essence, blink, cold resistance 1,
deterioration 1, fire resistance 1, cold-blooded, AC +6
a: Breathe Frost, Blink, Recall Ancestor, Ancestor Identity, Renounce Religion


You were on level 6 of the Dungeon.
You worshipped Hepliaklqana.
Hepliaklqana was aware of your devotion.
You were not hungry.

You visited 1 branch of the dungeon, and saw 6 of its levels.

You collected 289 gold pieces.

Inventory:

Missiles
 a - 150 arrows
Armour
 k - a +0 pair of boots (worn)
Jewellery
 j - a cursed ring of teleportation {unknown}
 l - a cursed ring of attention (right hand)
 p - a ring of see invisible (left hand)
Wands
 q - a wand of flame (21)
 r - a wand of disintegration (9)
Scrolls
 e - 4 scrolls of magic mapping
 f - 2 scrolls of teleportation
 i - 2 scrolls of fog
 m - a scroll of enchant armour {unknown}
 o - a scroll of fear
 u - a scroll of blinking {unknown}
Potions
 b - a potion of might
 d - 5 potions of mutation
 h - 3 potions of curing
 n - a potion of berserk rage {unknown}
 t - a potion of heal wounds {unknown}
Comestibles
 c - 11 rations
 s - 4 chunks of flesh


   Skills:
 - Level 1.1 Fighting
 - Level 1.7 Dodging
 * Level 7.2 Unarmed Combat
 + Level 4.6 Spellcasting
 + Level 4.9 Transmutations


You had 6 spell levels left.
You knew the following spells:

 Your Spells              Type           Power        Failure   Level  Hunger
a - Beastly Appendage     Tmut           ###...       2%          1    None
b - Sticks to Snakes      Tmut           ###.....     3%          2    ##.....
c - Spider Form           Tmut/Pois      ##........   19%         3    ###....
d - Ice Form              Ice/Tmut       ##......     52%         4    ####...

Your spell library contained the following spells:

 Spells                   Type           Power        Failure   Level  Hunger
 Summon Butterflies       Summ           #.......     17%         1    None
 Summon Small Mammal      Summ           #...         17%         1    None
 Corpse Rot               Necr/Air       N/A          26%         2    ##.....
 Song of Slaying          Chrm           #.......     26%         2    ##.....
 Stone Arrow              Conj/Erth      #.....       45%         3    ###....
 Blade Hands              Tmut           ###.......   54%         5    ######.
 Summon Ice Beast         Ice/Summ       #.......     86%         4    ####...
 Hydra Form               Tmut           ###.......   98%         6    #######
 Excruciating Wounds      Chrm/Necr      #.........   99%         5    ######.
 Summon Forest            Summ/Tloc      #.........   99%         5    ######.
 Eringya's Noxious Bog    Tmut/Pois      ##........   100%        6    #######
 Malign Gateway           Summ/Tloc      #.........   100%        7    #######
 Summon Hydra             Summ           #.........   100%        7    #######


Dungeon Overview and Level Annotations

Branches:
Dungeon (6/15)             Temple (0/1) D:6

Altars:
Dithmenos
Elyvilon
Hepliaklqana
Makhleb
Qazlal
Vehumet

Shops:
D:4 (   D:6 %}

Annotations:
D:4 1 runed translucent door, kae's ghost, amateur DrTm
D:5 3 runed translucent doors, DOPEyDwarf's ghost, novice TrFi


Innate Abilities, Weirdness & Mutations

You can breathe waves of freezing cold.
You can buffet flying creatures when you breathe cold.
Your icy white scales are hard. (AC +6)
You cannot fit into any form of body armour.
Your flesh is cold resistant. (rC+)
You are cold-blooded and may be slowed by cold attacks.
Your life essence is reduced to manifest your ancestor. (-10% HP)
You can translocate small distances at will.
Your body sometimes deteriorates upon taking damage.
Your flesh is heat resistant. (rF+)


Message History

Edwyna hits the orc warrior but does no damage.
Okay, then.
The orc warrior hits you from afar with a cursed -1 glaive.
* * * LOW HITPOINT WARNING * * *
Edwyna hits the orc warrior.
Your transformation has ended.
Your +0 pair of boots unmelds from your body.
Edwyna hits the orc warrior but does no damage.
Edwyna misses the orc warrior.
Edwyna misses the orc warrior.
It was a potion of mutation.
You feel extremely strange.
You feel yourself wasting away.
You feel resistant to heat.
You feel jittery.
The orc warrior hits you from afar with a cursed -1 glaive.
* * * LOW HITPOINT WARNING * * *
It was a potion of stabbing.
You feel ready to backstab.
Edwyna hits the orc warrior.
It was a potion of curing.
You feel better.
The orc warrior hits you from afar with a cursed -1 glaive!
You die...

≈.≈≈# #.....'...........##..>.
≈.≈.# #######...........#.....
....#######...##...........#.....
...............'...........#.....
....†.........##....##...####.#÷.
#...##........##R...##...#######.
#...##...##...#.o....#........#..
#...##+####...#......#........#..
.........##...##@....#........#..
#†..##...###'###....##...##...##.
#...##........####+########...##.
#..............#.....###..#......
#..............'.#####.#..'......
##'###..###.####.......#.##...##.
#...##..###.# #######.#####..##.
#............ ###..†).....#.
#............ ...###.#.#####...#.


You could see the friendly Edwyna the ancestor and an orc warrior.

Vanquished Creatures
  An ogre (D:4)
  A centaur (D:5)
  A scorpion (D:2)
  A howler monkey (D:6)
  3 crimson imps
  An orc priest (D:3)
  2 hounds
  2 orc wizards (D:3)
  3 iguanas
  5 worker ants
  A worker ant zombie (D:5)
  8 adders
  3 oozes
  8 worms
  A dart slug (D:2)
  3 leopard geckos
  13 orcs
  5 giant cockroaches
  6 goblins
  12 hobgoblins
  6 jackals
  6 quokkas
  A ball python (D:1)
  9 bats
  5 frilled lizards
  7 kobolds
  12 rats
126 creatures vanquished.

Vanquished Creatures (collateral kills)
  An orc priest (D:3)
  A bullfrog skeleton (D:6)
  2 adders (D:4)
  An orc (D:3)
  A giant cockroach (D:2)
  A goblin (D:3)
  2 jackals
  A ball python (D:2)
  A frilled lizard (D:2)
  A jackal skeleton (D:6)
12 creatures vanquished.

Vanquished Creatures (others)
  An ancestor (D:4)
1 creature vanquished.

Grand Total: 139 creatures vanquished

Notes
Turn   | Place    | Note
-------+----------+-------------------------------------------
     0 | D:1      | kae the Draconian Transmuter began the quest for the Orb.
     0 | D:1      | Reached XP level 1. HP: 16/16 MP: 3/3
   185 | D:1      | Reached XP level 2. HP: 19/23 MP: 3/5
  1111 | D:1      | Reached XP level 3. HP: 20/28 MP: 4/6
  1520 | D:2      | Learned a level 2 spell: Sticks to Snakes
  1524 | D:2      | Learned a level 3 spell: Spider Form
  1532 | D:2      | Reached skill level 4 in Unarmed Combat
  1583 | D:2      | Reached XP level 4. HP: 15/35 MP: 4/7
  1783 | D:2      | Found a stormy altar of Qazlal.
  1876 | D:2      | Found a shadowy altar of Dithmenos.
  2087 | D:2      | Reached XP level 5. HP: 39/40 MP: 3/9
  2450 | D:3      | Reached skill level 5 in Unarmed Combat
  2458 | D:3      | Found a hazy altar of Hepliaklqana.
  2592 | D:3      | Reached XP level 6. HP: 30/47 MP: 6/11
  2751 | D:3      | Became a worshipper of Hepliaklqana the Forgotten
  3133 | D:3      | Found a burning altar of Makhleb.
  3482 | D:4      | Found a white marble altar of Elyvilon.
  3550 | D:4      | Reached skill level 6 in Unarmed Combat
  3582 | D:4      | Your scales start taking on an icy white colour.
  3582 | D:4      | Reached XP level 7. HP: 38/46 MP: 10/12
  3582 | D:4      | Gained mutation: Your flesh is cold resistant. (rC+) [White
                  | Draconian growth]
  3714 | D:4      | Identified Buri Pue's Incunabulum of Creative Talismans
  3720 | D:4      | Found Miughuz's Weapon Emporium.
  3846 | D:4      | Found Ykhlia's Jewellery Shoppe.
  3986 | D:4      | Found a runed translucent door.
  3987 | D:4      | Noticed kae's ghost (amateur DrTm)
  4246 | D:5      | Entered Level 5 of the Dungeon
  4565 | D:5      | Reached * piety under Hepliaklqana
  4674 | D:5      | Found a radiant altar of Vehumet.
  4750 | D:5      | Found a runed translucent gate.
  4750 | D:5      | Found a runed translucent gate.
  4752 | D:5      | Found a runed translucent gate.
  4755 | D:5      | Noticed DOPEyDwarf's ghost (novice TrFi)
  4774 | D:5      | Learned a level 4 spell: Ice Form
  4817 | D:6      | Found a staircase to the Ecumenical Temple.
  4879 | D:6      | Found Jumephal's Gadget Shop.
  4895 | D:6      | Reached skill level 7 in Unarmed Combat
  5016 | D:6      | Found Ulys's Food Emporium.
  5050 | D:6      | Reached XP level 8. HP: 50/53 MP: 10/14
  5177 | D:6      | Gained mutation: Your body sometimes deteriorates upon
                  | taking damage. [potion of mutation]
  5177 | D:6      | Gained mutation: Your flesh is heat resistant. (rF+)
                  | [potion of mutation]
  5177 | D:6      | Gained mutation: You can translocate small distances at
                  | will. [potion of mutation]
  5179 | D:6      | Slain by an orc warrior

Levels and vault maps discovered:
D:1:      erik_arrival_cave_to_civilisation [erik_arrival_cave_to_temple],
          layout_basic, serial_glass, glass_columns_c, glass_columns_a,
          chequers_serial_rivers_micro_b, minivault_19
D:2:      layout_rooms, nicolae_overflow_hidden_temple, grunt_qazlal_sundering,
          minmay_divided_ellipse
D:3:      layout_rooms, lemuel_coloured_pillars_altar, makhleb_grotto_becter
D:4:      layout_loops_ring, elyvilon_altar_5, serial_shops, shop, shop,
          ebering_ghost_reflecting_pool, serial_park_tiny_2,
          kennysheep_small_spiral, minmay_box_of_dots
D:5:      layout_gridville, lemuel_round_altar, first_ration,
          gammafunk_ghost_necromancy, grunt_ministairs_11
D:6:      layout_gridville, minmay_temple_entry_crystal_x, serial_shops,
          nicolae_shop_statue_plus, nicolae_shop_waterfront,
          minmay_misc_feat_square, grunt_decor_fettered,
          eino_small_chamber_without_monster, dk_noncrumbling_4

Skill      XL: |  1  2  3  4  5  6  7 |
---------------+----------------------+-----
Unarmed Combat | 4 5 6 7 |  7.2
Spellcasting   | 3 4 |  4.6
Transmutations | 3 4 |  4.9
Fighting       | |  1.1
Dodging        | |  1.7

Action                   |  1- 3 |  4- 6 |  7- 9 || total
-------------------------+-------+-------+-------++-------
Melee: Unarmed           |   122 |   247 |   109 ||   478
       Tailslap          |    10 |    15 |     8 ||    33
       Kick              |     9 |       |       ||     9
       Headbutt          |     4 |     8 |     2 ||    14
       Punch             |       |       |     1 ||     1
 Cast: Beastly Appendage |    15 |    17 |     3 ||    35
       Sticks to Snakes  |     1 |     3 |       ||     4
       Spider Form       |     1 |    11 |    11 ||    23
Invok: Recall Ancestor   |       |       |     1 ||     1
 Abil: Breathe Frost     |       |       |     1 ||     1
  Use: Scroll            |       |     6 |     3 ||     9
       Potion            |       |       |     3 ||     3
 Stab: Distracted        |     1 |       |     1 ||     2
  Eat: Chunk             |     3 |     8 |     3 ||    14
       Ration            |       |       |     1 ||     1
Armor: Skin              |    43 |    62 |    14 ||   119
Dodge: Dodged            |    96 |   183 |    91 ||   370

Table legend:
 A = Non-vault XP
 B = Vault XP
 C = Vault XP percentage of total XP
 D = Non-vault monster count
 E = Vault monster count
 F = Vault count percentage of total count
                 A         B        C        D         E       F
            +---------+---------+-------+---------+---------+-------
      Total |    1117 |     324 |  22.5 |     119 |      19 |  13.8
            +---------+---------+-------+---------+---------+-------
        D:1 |      40 |       3 |   7.0 |      24 |       2 |   7.7
        D:2 |     125 |     125 |  50.0 |      33 |      13 |  28.3
        D:3 |     224 |      48 |  17.6 |      27 |       1 |   3.6
        D:4 |     264 |      36 |  12.0 |      13 |       2 |  13.3
        D:5 |     187 |     112 |  37.5 |       7 |       1 |  12.5
        D:6 |     277 |       0 |   0.0 |      15 |       0 |   0.0
            +---------+---------+-------+---------+---------+-------
